 Dungeon Crawl Stone Soup version 0.28-a0-938-gbc3f381ebc (webtiles) character file.

Game seed: 7633106239023295963

2893 gruber the Slicer (level 10, 0/84 HPs)
             Began as a Kobold Berserker on Nov 28, 2021.
             Was a Believer of Trog.
             Succumbed to a killer bee's poison
             ... on level 8 of the Dungeon.
             The game lasted 00:06:14 (7771 turns).

gruber the Slicer (Kobold Berserker)                Turns: 7771, Time: 00:06:14

Health: 0/84       AC: 12    Str: 15    XL:     10   Next: 5%
Magic:  3/10       EV: 18    Int:  8    God:    Trog [**....]
Gold:   318        SH:  0    Dex: 18    Spells: 9/9 levels left

rFire   . . .      SeeInvis .   n - +0 rapier
rCold   . . .      Faith    .   (shield restricted)
rNeg    . . .      Spirit   +   D - +0 swamp dragon scales
rPois   +          Reflect  .   (no helmet)
rElec   .          Harm     .   l - +2 cloak
rCorr   .          Rampage  .   (no gloves)
Will    .....                   (no boots)
Stlth   ..........              d - amulet of guardian spirit
HPRegen 0.24/turn               (no ring)
MPRegen 0.12/turn               (no ring)

@: berserking (expiring), lethally poisoned (0 -> -6), studying Armour, very
quick
A: small, no large weapons, nightstalker 3
a: Renounce Religion, Berserk, Trog's Hand


You were on level 8 of the Dungeon.
You worshipped Trog.
Trog was pleased with you.
You visited 1 branch of the dungeon, and saw 9 of its levels.

You collected 318 gold pieces.

Inventory:

Hand Weapons
 n - a +0 rapier (weapon)
Missiles
 g - 26 poisoned darts (quivered)
Armour
 l - a +2 cloak (worn)
 D - +0 swamp dragon scales (worn)
 E - a +0 buckler
Jewellery
 d - an amulet of guardian spirit (around neck)
 H - a ring of poison resistance
Wands
 a - a wand of mindburst (19)
 b - a wand of flame (23)
 s - a wand of charming (2)
 v - a wand of paralysis (7)
 G - a wand of acid (8)
Scrolls
 h - a scroll of holy word {unknown}
 i - a scroll of fog {unknown}
 m - 4 scrolls of teleportation {unknown}
 o - 3 scrolls of identify {unknown}
 p - a scroll of magic mapping {unknown}
 q - 2 scrolls of silence {unknown}
 r - a scroll of vulnerability {unknown}
 u - a scroll of immolation {unknown}
 w - 4 scrolls of blinking {unknown}
 y - a scroll of summoning {unknown}
 F - a scroll of enchant armour {unknown}
 I - a scroll of amnesia {unknown}
Potions
 c - a potion of attraction {unknown}
 e - 2 potions of might {unknown}
 f - 3 potions of invisibility {unknown}
 j - 4 potions of lignification {unknown}
 k - 2 potions of flight {unknown}
 t - 2 potions of haste {unknown}
 x - 2 potions of degeneration {unknown}
 z - 2 potions of heal wounds {unknown}
 A - a potion of berserk rage {unknown}
 B - a potion of mutation {unknown}
 C - a potion of magic {unknown}


   Skills:
 - Level 3.2 Fighting
 - Level 10.2 Short Blades
 - Level 0.1(0.2) Axes
 - Level 0.1(0.2) Maces & Flails
 - Level 0.1(0.2) Polearms
 - Level 0.1(0.2) Staves
 - Level 0.1 Slings
 - Level 0.3 Bows
 - Level 0.2 Crossbows
 * Level 6.1 Armour
 - Level 9.1 Dodging
 - Level 9.1 Stealth
 - Level 0.1 Invocations


You had 9 spell levels left.
You didn't know any spells.
Your spell library was empty.

Dungeon Overview and Level Annotations

Branches:
Dungeon (9/15)             Temple (0/1) D:6
   Lair: D:8-11         Orc: D:9-12

Altars:
Ru


Innate Abilities, Weirdness & Mutations

You are small and have problems with some larger weapons.
You are completely attuned to the shadows.


Message History

You feel very sick.
The killer bee misses you. x2; The orc misses you.
You closely miss the killer bee.
The killer bee is severely wounded.
You feel sick. The killer bee misses you.
A red film seems to cover your vision as you go berserk!
You feel yourself moving faster!
You feel mighty!
You feel sick. The killer bee stings you.
* * * LOW HITPOINT WARNING * * *
The orc closely misses you. The killer bee stings you.
* * * LOW HITPOINT WARNING * * *
You are lethally poisoned!
The killer bee poisons you!
Unknown command.
You puncture the killer bee!
You kill the killer bee!
Trog accepts your kill.
* * * LOW HITPOINT WARNING * * *
You feel sick.
The orc throws a boomerang.
The boomerang hits you.
* * * LOW HITPOINT WARNING * * *
Your Armour skill increases to level 6!
Unknown command.
* * * LOW HITPOINT WARNING * * *
You feel sick.
You see here a killer bee corpse.
You puncture the orc!
You feel the power of Trog in you as your rage grows.
You kill the orc!
Trog accepts your kill.
* * * LOW HITPOINT WARNING * * *
You feel sick.
* * * LOW HITPOINT WARNING * * *
You feel sick.
Things that are here:
a +0 trident; 2 boomerangs; a +0 leather armour You are too berserk!
You feel a strong urge to attack something.
* * * LOW HITPOINT WARNING * * *
You feel sick.
You die...

#.# #.#####
#.##.. #.##.#
#####.##.#
#>....>.$#######
#.###.###†......
#.# #.#).)@...#
## #.#
#.#.#)###... ..
#.# #.#.#.# .#
## ....# # ..
...### # # # #


There were no monsters in sight!

Vanquished Creatures
  Pikel (D:7)
  Maggie (D:7)
  A wraith (D:6)
  Menkaure (D:7)
  A black bear (D:4)
  3 ice beasts
  An orc warrior (D:7)
  A sky beast (D:6)
  2 ogres
  3 bullfrogs
  2 scorpions
  A wyvern skeleton (D:7)
  A water moccasin skeleton (D:6)
  5 killer bees (D:8)
  A vampire bat (D:5)
  A jelly (D:6)
  A centaur skeleton (D:6)
  An orc priest (D:7)
  4 hounds
  3 iguanas (D:6)
  Natasha (thrice) (D:2)
  2 orc wizards
  A hound skeleton (D:4)
  A howler monkey zombie (D:6)
  3 adders
  A white imp (D:7)
  2 adder skeletons (D:4)
  A dart slug (D:5)
  13 orcs
  8 ball pythons
  11 bats
  4 endoplasms
  A giant cockroach (D:2)
  10 goblins
  8 hobgoblins
  11 jackals
  9 kobolds
  2 quokkas
  2 frilled lizards
  4 rats
132 creatures vanquished.

Notes
Turn   | Place    | Note
-------+----------+-------------------------------------------
     0 | D:1      | gruber the Kobold Berserker began the quest for the Orb.
     0 | D:1      | Reached XP level 1. HP: 14/14 MP: 1/1
   266 | D:1      | Reached XP level 2. HP: 18/19 MP: 2/2
   469 | D:1      | Reached skill level 5 in Short Blades
   883 | D:1      | Reached XP level 3. HP: 20/23 MP: 1/3
  1193 | D:2      | Reached ** piety under Trog
  1645 | D:2      | Noticed Natasha
  1659 | D:2      | Killed Natasha
  1660 | D:2      | Reached skill level 6 in Short Blades
  1660 | D:2      | Reached XP level 4. HP: 23/28 MP: 1/4
  1707 | D:2      | Noticed Natasha
  1718 | D:2      | Killed Natasha
  1999 | D:2      | Noticed Natasha
  2017 | D:2      | Killed Natasha
  2018 | D:2      | Reached skill level 7 in Short Blades
  2018 | D:2      | Reached XP level 5. HP: 15/32 MP: 2/5
  3028 | D:3      | Found a sacrificial altar of Ru.
  3466 | D:4      | Noticed a black bear
  3476 | D:4      | Killed a black bear
  3477 | D:4      | Reached skill level 8 in Short Blades
  3477 | D:4      | Reached XP level 6. HP: 37/37 MP: 6/6
  3563 | D:4      | Noticed an ogre
  3571 | D:4      | Killed an ogre
  3572 | D:4      | Reached skill level 9 in Short Blades
  3681 | D:4      | Reached XP level 7. HP: 41/41 MP: 5/7
  3738 | D:4      | Reached skill level 10 in Short Blades
  4166 | D:5      | Entered Level 5 of the Dungeon
  4677 | D:5      | Reached XP level 8. HP: 41/46 MP: 6/8
  4758 | D:6      | Reached skill level 5 in Stealth
  5712 | D:6      | Noticed a wraith
  5728 | D:6      | Killed a wraith
  5914 | D:6      | Reached skill level 5 in Dodging
  5914 | D:6      | Reached XP level 9. HP: 51/51 MP: 9/9
  5971 | D:6      | Found a staircase to the Ecumenical Temple.
  6298 | D:7      | Noticed Pikel
  6307 | D:7      | Killed Pikel
  6378 | D:7      | Noticed Menkaure
  6393 | D:7      | Killed Menkaure
  6739 | D:7      | Noticed Maggie
  6753 | D:7      | Killed Maggie
  7710 | D:8      | Reached skill level 5 in Armour
  7732 | D:8      | Reached XP level 10. HP: 43/56 MP: 7/10
  7739 | D:8      | Reached *** piety under Trog
  7768 | D:8      | HP: 4/84 [poisoned by a killer bee]
  7770 | D:8      | HP: 1/84 [poisoned by a killer bee]
  7771 | D:8      | Succumbed to a killer bee's poison

Illustrated notes

Levels and vault maps discovered:
D:1:      minmay_arrival_four_circles, layout_basic
D:2:      layout_basic, uniq_natasha
D:3:      layout_loops_ring, lemuel_tele_altar, roderic_lattice_a
D:4:      layout_rooms, minmay_manual_mail
D:5:      layout_rooms, nrook_mini_backslash, small_statue_alley_b,
          roderic_batcave
D:6:      layout_basic, temple_statues
D:7:      layout_loops_ring, uniq_pikel, uniq_maggie, uniq_menkaure
D:8:      layout_loops_ring
D:9:      layout_rooms, corexii_hall_statues_x

Skill      XL: |  1  2  3  4  5  6  7  8  9 10 |
---------------+-------------------------------+-----
Short Blades   | 5 6 7 8 9 10 | 10.2
Dodging        | 3 5 9 |  9.1
Stealth        | 4 9 |  9.1
Armour         | 5 6 |  6.1
Fighting       | |  3.2
Axes           | |  0.1
Maces & Flails | |  0.1
Polearms       | |  0.1
Staves         | |  0.1
Slings         | |  0.1
Bows           | |  0.3
Crossbows      | |  0.2
Invocations    | |  0.1

Action                   |  1- 3 |  4- 6 |  7- 9 | 10-12 || total
-------------------------+-------+-------+-------+-------++-------
Melee: Short sword       |   116 |    56 |       |       ||   172
       Rapier            |       |   104 |   242 |    35 ||   381
Invok: Berserk           |     1 |     3 |     5 |     1 ||    10
 Stab: Sleeping          |    11 |     4 |    26 |       ||    41
Armor: Animal skin       |    13 |    16 |    34 |       ||    63
       Swamp dragon scal |       |       |     5 |    13 ||    18
Dodge: Dodged            |    88 |   114 |   168 |    47 ||   417

Table legend: (Time is in decaauts)
 A = Elapsed time spent in this place.
 B = Non-inter-level travel time spent in this place.
 C = Inter-level travel time spent in this place.
 D = Time resting spent in this place.
 E = Time spent auto-exploring this place.
 F = Levels seen in this place.
 G = Mean time per level.
                   A        B        C        D        E       F      G
               +--------+--------+--------+--------+--------+-----+--------+
         Total |   7717 |   7514 |    203 |    483 |   6094 |   9 |  857.4 |
       Dungeon |   7717 |   7514 |    203 |    483 |   6094 |   9 |  857.4 |
               +--------+--------+--------+--------+--------+-----+--------+

Top non-repeatable levels by time:
     D:6: 1516 daAuts
     D:2: 1323 daAuts
     D:7: 1320 daAuts
     D:1: 1084 daAuts
     D:3: 956 daAuts
     D:4: 774 daAuts
     D:5: 583 daAuts
     D:8: 155 daAuts
     D:9: 2 daAuts
